 Dungeon Crawl Stone Soup version 0.32-a0-38-gb04dd89b9b (webtiles) character file.

Game seed: 5844616605962138252

77477 seren the Warrior (level 15, 0/174 HPs)
             Began as an Oni Berserker on Jan 23, 2024.
             Was a High Priest of Trog.
             Killed from afar by a will-o-the-wisp (4 damage)
             ... with a foxfire
             ... on level 1 of the Swamp.
             The game lasted 01:22:17 (23600 turns).

seren the Warrior (Oni Berserker)                  Turns: 23600, Time: 01:22:17

Health: 0/174      AC: 19    Str: 29    XL:     15   Next: 57%
Magic:  15/15      EV: 13    Int:  8    God:    Trog [*****.]
Gold:   1165       SH:  0    Dex: 10    Spells: 14/14 levels left

rFire   . . .        b - +3 broad axe (flame)
rCold   . . .        (no shield)
rNeg    . . .        q - +2 acid dragon scales
rPois   +            (helmet restricted)
rElec   .            E - +2 cloak
rCorr   +            (gloves unavailable)
SInv    .            (boots unavailable)
Will    +....        m - amulet of the acrobat
Stlth   +            n - ring of poison resistance
HPRegen 0.49/turn    k - +4 ring of protection
MPRegen 0.14/turn

%: acrobat
@: no status effects
A: large, unfitting armour, horns 1, tough skin 1, double potion healing,
drunken brawling
a: Renounce Religion, Berserk, Trog's Hand, Brothers in Arms


You were on level 1 of the Swamp.
You worshipped Trog.
Trog was extremely pleased with you.
You visited 5 branches of the dungeon, and saw 23 of its levels.
You also visited: Bailey and Gauntlet.

You collected 1949 gold pieces.
You spent 784 gold pieces at shops.

Inventory:

Hand Weapons
 a - the +11 whip of Indignation {elec, Dex+4}
   (You found it on level 9 of the Dungeon)

   Dex+4:     It affects your dexterity (+4).
 b - a +3 broad axe of flaming (weapon)
 R - the +10 dagger "Hacsem" {venom, rElec}
   (You took it off an orc on level 8 of the Dungeon)

   rElec:     It insulates you from electricity.
Missiles
 r - 6 curare-tipped darts
 K - 2 throwing nets (quivered) {!f}
Armour
 q - +2 acid dragon scales (worn)
 s - a +1 cloak of stealth
 E - a +2 cloak (worn)
 J - a scarf of shadows
Jewellery
 c - a ring of see invisible
 f - a ring of willpower
 h - a ring of willpower
 k - a +4 ring of protection (right hand)
 m - an amulet of the acrobat (around neck)
 n - a ring of poison resistance (left hand)
Wands
 u - a wand of flame (18)
 y - a wand of charming (10)
 M - a wand of acid (9)
 O - a wand of polymorph (4)
 S - a wand of iceblast (13)
 U - a wand of digging (8)
 Z - a wand of mindburst (5)
Scrolls
 d - 4 scrolls of vulnerability {unknown}
 g - 2 scrolls of amnesia {unknown}
 l - a scroll of fog {unknown}
 t - 12 scrolls of teleportation {!r}
 w - 6 scrolls of enchant armour {unknown}
 x - 2 scrolls of torment {unknown}
 z - 2 scrolls of fear
 A - a scroll of brand weapon {unknown}
 B - a scroll of butterflies {unknown}
 F - 3 scrolls of enchant weapon
 H - 2 scrolls of immolation
 Q - 3 scrolls of blinking {unknown}
 T - 3 scrolls of revelation {unknown}
Potions
 e - 2 potions of ambrosia
 i - a potion of brilliance {unknown}
 j - 3 potions of mutation {!q}
 o - 5 potions of haste
 C - 2 potions of resistance {unknown}
 G - 2 potions of curing
 I - 3 potions of invisibility
 L - a potion of lignification {unknown}
 N - 4 potions of might {unknown}
 P - a potion of attraction {unknown}
 V - 2 potions of berserk rage {unknown}
 W - 4 potions of enlightenment
 X - a potion of cancellation {unknown}
 Y - 2 potions of degeneration {unknown}


   Skills:
 + Level 17.1 Fighting
 + Level 9.6(12.0) Axes
 - Level 11.6(13.0) Maces & Flails
 + Level 11.3 Armour
 + Level 12.3 Dodging
 + Level 6.6 Evocations


You had 14 spell levels left.
You didn't know any spells.
Your spell library was empty.

Dungeon Overview and Level Annotations

Branches:
Dungeon (14/15)            Temple (1/1) D:6            Lair (5/5) D:10
  Swamp (1/4) Lair:2        Snake (0/4) Lair:2        Slime (0/5) Lair:5
    Orc (2/2) D:11            Elf (0/3) Orc:2        Vaults (0/5) D:13
 Bailey (visited)         Gauntlet (visited)

Altars:
Ashenzari
Cheibriados
Dithmenos
Elyvilon
Fedhas
Gozag
Hepliaklqana
Kikubaaqudgha
Makhleb
Nemelex Xobeh
Okawaru
Qazlal
Ru
Sif Muna
Trog
Uskayaw
Vehumet
Wu Jian
Xom
Yredelemnul
Zin
The Shining One
Jiyva

Shops:
Orc:2 (([:

Portals:
Trove: D:10 (give horn of Geryon)
Ice
Cave: Swamp:1

Annotations:
D:4 2 transporters, Nebesus's ghost, amateur AtFi
D:8 Gastronok
D:13 need flight
Temple 4 transporters
Lair:5 1 runed translucent door, exclusion: tentacled starspawn
Orc:2 exclusion: upstairs


Innate Abilities, Weirdness & Mutations

You are too large for most types of armour.
You have a pair of small horns on your head.
You have tough skin. (AC +1)
You gain doubled healing and magic from potions.
Whenever you drink a healing potion, you attack all around you.


Message History

You enter the shallow water.
Your deep troll bites the spriggan defender simulacrum!!
Flame seeps out of the spriggan defender simulacrum.
Your deep troll claws the spriggan defender simulacrum!
Trog accepts your kill.
The spriggan defender simulacrum explodes!
The fiery explosion engulfs you!!
* * * LOW HITPOINT WARNING * * *
The mangrove smoulders and burns.
The fiery explosion engulfs your deep troll!!
Your deep troll is heavily wounded.
Your deep troll disappears in a puff of smoke!
You start resting.
A will-o-the-wisp comes into view.
You are confused.
You savour every drop.
You feel invigorated.
The will-o-the-wisp gestures.
The will-o-the-wisp conjures some marshlight!
A foxfire comes into view.
A foxfire comes into view.
The foxfire hits you!!
* * * LOW HITPOINT WARNING * * *
The foxfire dissipates!
Okay, then.
The will-o-the-wisp gestures.
The will-o-the-wisp conjures some marshlight!
A swamp worm comes into view. 2 foxfires come into view.
The foxfire hits you!!
* * * LOW HITPOINT WARNING * * *
The foxfire hits you!
* * * LOW HITPOINT WARNING * * *
The will-o-the-wisp gestures.
The will-o-the-wisp conjures some marshlight! 2 foxfires come into view.
You savour every drop.
You feel better.
You feel less invigorated. The foxfire hits you!!
* * * LOW HITPOINT WARNING * * *
The foxfire hits you.
You die...

♣♣.>..)~~.~♣~
♣...♣♣
♣♣).§§~~....
♣♣♣♣♣♣
♣.~~§~...§.. ♣
♣~~§~~...♣♣♣
♣♣.~~§~~~.♣
♣~.~~~~~§.♣
♣♣♣~.~~~~.♣
♣♣..~~~~.♣♣
♣@v§§§~~..♣~
♣.§§°§§~....
♣♣§§§v~~~~..
♣.~~.>..§§~~~§.~
♣.~~.~§§~~~~~~.~
♣♣..§~~~~~w~~...
♣♣..~~§~~~§....
♣~..~~~~~~....
♣♣§....~~~..∩.


You could see a will-o-the-wisp and a swamp worm.

Vanquished Creatures
  Saint Roka (Orc:2)
  Rupert (Lair:4)
  An ettin (D:13)
  Fannar (Orc:1)
  13 hydras
  3 catoblepae
  A merfolk avatar (Lair:5)
  An alligator (Swamp:1)
  3 two-headed ogres
  4 boulder beetles
  A centaur warrior (D:13)
  A satyr (shapeshifter) (D:13)
  2 death yaks (Lair:4)
  An orc high priest (Orc:2)
  An occultist (D:12)
  4 spriggans (Swamp:1)
  2 skeletal warriors
  2 skysharks
  A sea snake (Lair:5)
  A spriggan druid (Swamp:1)
  3 bog bodies
  Pikel (D:4)
  A lindwurm (D:13)
  A harpy (Lair:5)
  3 orc knights
  An orc sorcerer (Orc:2)
  An ugly thing (D:10)
  2 manticores
  Maurice (D:7)
  6 elephants
  8 black mambas
  6 kobold blastminers (Orc:2)
  4 torpor snails (Lair:4)
  7 cane toads
  Maggie (Lair:2)
  3 gargoyles
  A kobold demonologist (D:13)
  Jeremiah (D:6)
  6 rime drakes
  7 komodo dragons
  2 anaconda simulacra (Swamp:1)
  Psyche (D:10)
  3 trolls
  2 tyrant leeches (Swamp:1)
  6 polar bears
  7 hornets
  A wolf spider simulacrum (D:14)
  Grinder (D:5)
  19 blink frogs
  Sigmund (D:6)
  3 vampires
  A water elemental (D:13)
  A dire elephant simulacrum (Swamp:1)
  4 wraiths
  A human (Lair:5)
  31 yaks
  7 wyverns
  4 basilisks
  Grum (D:10)
  2 steam dragons
  4 wargs
  2 minotaur simulacra (Swamp:1)
  6 vampire mosquitoes
  A swamp worm (Swamp:1)
  2 acid dragons
  9 water moccasins
  33 orc warriors
  Duvessa (D:4)
  An ice beast (shapeshifter) (D:13)
  12 ogres
  4 ice beasts
  5 wolves
  3 centaurs
  2 lemures (D:5)
  12 bullfrogs
  4 kobold brigands
  2 gnoll sergeants
  Blork the orc (D:5)
  2 deep troll simulacra (Swamp:1)
  5 scorpions
  Dowan (D:4)
  12 wights
  3 killer bees (D:9)
  5 electric eels
  4 howler monkeys
  5 bombardier beetles
  A quasit (D:5)
  2 jellies
  16 orc priests
  2 gnoll boudas
  2 hounds (D:5)
  An iguana (D:5)
  A sleepcap (D:5)
  28 orc wizards
  A hell rat (Lair:4)
  22 gnolls
  10 adders
  4 shadow imps
  2 white imps
  5 ufetubi
  A ribbon worm (D:5)
  2 dart slugs (D:1)
  86 orcs
  3 bats (D:1)
  5 endoplasms
  2 giant cockroaches (D:2)
  13 goblins
  7 hobgoblins
  2 quokkas
  6 ball pythons
  26 kobolds
  3 rats
601 creatures vanquished.

Vanquished Creatures (collateral kills)
  A spriggan simulacrum (Swamp:1)
1 creature vanquished.

Vanquished Creatures (others)
  An orc (D:10)
  5 foxfires (Swamp:1)
6 creatures vanquished.

Grand Total: 608 creatures vanquished

Notes
Turn   | Place    | Note
-------+----------+-------------------------------------------
     0 | D:1      | seren the Oni Berserker began the quest for the Orb.
     0 | D:1      | Reached XP level 1. HP: 24/24 MP: 1/1
   303 | D:1      | You fall into a shaft and drop 1 floor!
   335 | D:2      | Reached XP level 2. HP: 23/32 MP: 2/2
   934 | D:2      | Reached XP level 3. HP: 40/40 MP: 3/3
  1099 | D:2      | Identified the +3 leather armour of Syndicalism {rElec
                  | Stlth+}
  1280 | D:3      | Identified the +0 tower shield of Kindness {*Corrode Dex+3}
  1323 | D:3      | Found a shimmering altar of Xom.
  1323 | D:3      | Noticed a scorpion
  1329 | D:3      | Killed a scorpion
  1330 | D:3      | Reached skill level 5 in Fighting
  1330 | D:3      | Reached XP level 4. HP: 50/50 MP: 4/4
  1554 | D:3      | Found a faded altar of an unknown god.
  2081 | D:4      | Reached ** piety under Trog
  2209 | D:4      | Noticed Dowan
  2221 | D:4      | Killed Dowan
  2222 | D:4      | Reached XP level 5. HP: 57/57 MP: 5/5
  2307 | D:4      | Noticed a phantom
  2486 | D:4      | Noticed Duvessa
  2499 | D:4      | Killed Duvessa
  2500 | D:4      | Reached skill level 1 in Evocations
  2500 | D:4      | Reached XP level 6. HP: 22/67 MP: 6/6
  2711 | D:4      | Reached skill level 6 in Fighting
  2748 | D:4      | Found a transporter.
  2751 | D:4      | Found an iron altar of Okawaru.
  2751 | D:4      | Noticed Nebesus's ghost (amateur AtFi)
  2827 | D:4      | Found a transporter.
  2942 | D:4      | Reached XP level 7. HP: 44/76 MP: 7/7
  3080 | D:5      | Entered Level 5 of the Dungeon
  3131 | D:5      | Noticed Blork the orc
  3145 | D:5      | Killed Blork the orc
  3205 | D:5      | Reached skill level 5 in Axes
  3540 | D:5      | Noticed Pikel
  3790 | D:4      | Killed Pikel
  3791 | D:4      | Reached skill level 7 in Fighting
  3791 | D:4      | Reached skill level 5 in Dodging
  3791 | D:4      | Reached XP level 8. HP: 27/87 MP: 8/8
  4283 | D:5      | Reached skill level 1 in Maces & Flails
  4311 | D:5      | Reached skill level 8 in Fighting
  4382 | D:5      | Found an ornate altar of the Wu Jian Council.
  4564 | D:5      | Noticed Grinder
  4580 | D:5      | Killed Grinder
  4581 | D:5      | Reached XP level 9. HP: 89/97 MP: 9/9
  5069 | D:6      | Reached skill level 9 in Fighting
  5143 | D:6      | Noticed Jeremiah
  5201 | D:6      | Noticed Sigmund
  5286 | D:6      | Killed Sigmund
  5434 | D:6      | Found a staircase to the Ecumenical Temple.
  5617 | D:6      | Reached skill level 10 in Fighting
  5840 | D:6      | Killed Jeremiah
  5841 | D:6      | Reached skill level 5 in Maces & Flails
  6151 | Temple   | Found a transporter.
  6151 | Temple   | Found a transporter.
  6151 | Temple   | Found a transporter.
  6151 | Temple   | Found a transporter.
  6151 | Temple   | Entered the Ecumenical Temple
  6198 | D:7      | Noticed a hornet
  6200 | D:7      | Paralysed by a hornet for 1 turns
  6205 | D:7      | Killed a hornet
  6206 | D:7      | Reached XP level 10. HP: 110/111 MP: 10/10
  6280 | D:7      | Found a flagged portal.
  6309 | Bailey   | Entered a bailey
  6329 | Bailey   | Noticed an orc warlord
  6363 | Bailey   | Reached *** piety under Trog
  6370 | Bailey   | Reached skill level 1 in Armour
  6441 | Bailey   | Found a runed translucent gate.
  6443 | Bailey   | Found a runed translucent gate.
  6444 | Bailey   | Found a runed translucent gate.
  7103 | D:7      | Noticed Maurice
  7112 | D:7      | Killed Maurice
  7201 | D:7      | Reached skill level 5 in Evocations
  7422 | D:7      | Reached skill level 11 in Fighting
  7742 | D:8      | Reached **** piety under Trog
  7875 | D:8      | Identified the +10 dagger "Hacsem" {venom, rElec}
  8046 | D:8      | Noticed an orange demon
  8068 | D:8      | Noticed Gastronok
  8297 | D:9      | Reached XP level 11. HP: 51/123 MP: 11/11
  8690 | D:9      | Identified the +11 whip of Indignation {elec, Dex+4}
  8985 | D:9      | Found a white marble altar of Elyvilon.
  8995 | D:9      | Found a hazy altar of Hepliaklqana.
  8995 | D:9      | Found a sacrificial altar of Ru.
  8995 | D:9      | Found a basalt altar of Yredelemnul.
  8995 | D:9      | Found a stormy altar of Qazlal.
  9253 | D:9      | Found a shimmering blue altar of Sif Muna.
  9351 | D:10     | Entered Level 10 of the Dungeon
  9356 | D:10     | Noticed Psyche
  9362 | D:9      | Reached skill level 12 in Fighting
  9504 | D:10     | Noticed Grum
  9523 | D:10     | Killed Grum
  9834 | D:10     | Found a staircase to the Lair.
  9856 | D:10     | Found a portal to a secret trove of treasure.
  9972 | D:10     | Killed Psyche
 10421 | D:11     | Noticed a brown ugly thing
 10427 | D:10     | Killed a brown ugly thing
 10511 | D:11     | Reached skill level 5 in Armour
 10658 | D:11     | Found a staircase to the Orcish Mines.
 10712 | D:11     | Found a gate leading to a gauntlet.
 10733 | Gauntlet | Entered a Gauntlet
 10733 | Gauntlet | Found a transporter.
 10733 | Gauntlet | Found a transporter.
 10734 | Gauntlet | Noticed a worldbinder
 10745 | Gauntlet | Found a transporter.
 10745 | Gauntlet | Found a transporter.
 10765 | Gauntlet | Found a transporter.
 10772 | Gauntlet | Noticed an arcanist
 10777 | Gauntlet | Found a transporter.
 10780 | Gauntlet | Noticed a wolf spider
 10782 | Gauntlet | Noticed a moth of wrath
 10785 | Gauntlet | Found a transporter.
 10802 | Gauntlet | Found a transporter.
 10805 | Gauntlet | Noticed a large abomination
 10892 | Gauntlet | Found a transporter.
 10896 | Gauntlet | Found a runed translucent door.
 10896 | Gauntlet | Noticed a worldbinder
 10898 | Gauntlet | Found a runed translucent door.
 10900 | Gauntlet | Found a transporter.
 10904 | Gauntlet | Found a transporter.
 10981 | D:11     | Noticed a two-headed ogre
 10986 | D:11     | Killed a two-headed ogre
 10987 | D:11     | Reached XP level 12. HP: 133/133 MP: 12/12
 11304 | D:11     | Noticed a two-headed ogre
 11310 | D:11     | Killed a two-headed ogre
 11393 | D:12     | Noticed a boulder beetle
 11423 | Orc:1    | Entered Level 1 of the Orcish Mines
 11435 | D:11     | Reached skill level 13 in Fighting
 11764 | Orc:1    | Noticed Fannar
 11789 | Orc:1    | Killed Fannar
 11987 | Orc:2    | Entered Level 2 of the Orcish Mines
 12094 | Orc:1    | Reached ***** piety under Trog
 12674 | Orc:2    | Found Oxtoxuif's Weapon Shop.
 12680 | Orc:2    | Reached skill level 10 in Maces & Flails
 12818 | Orc:2    | Found Qogio's Book Boutique.
 12930 | Orc:2    | Found a staircase to the Elven Halls.
 13026 | Orc:2    | Received a gift from Trog
 13247 | Orc:2    | HP: 6/137 [orc knight/+2 great sword of electrocution (24)]
 13361 | Orc:2    | Noticed Saint Roka
 13423 | Orc:1    | Reached skill level 14 in Fighting
 13423 | Orc:1    | Reached XP level 13. HP: 130/146 MP: 13/13
 13517 | Lair:1   | Entered Level 1 of the Lair of Beasts
 13636 | Lair:1   | Reached skill level 10 in Dodging
 14369 | Lair:2   | Found a staircase to the Swamp.
 14595 | Lair:2   | Noticed Maggie
 14600 | Lair:2   | Killed Maggie
 14822 | Lair:2   | Found a staircase to the Snake Pit.
 15873 | Lair:3   | Received a gift from Trog
 16389 | Lair:4   | Noticed Rupert
 16401 | Lair:4   | Killed Rupert
 16929 | Lair:4   | Reached skill level 15 in Fighting
 17166 | Lair:4   | Reached XP level 14. HP: 122/159 MP: 14/14
 18162 | Lair:4   | Reached skill level 10 in Armour
 19088 | Lair:5   | Entered Level 5 of the Lair of Beasts
 19466 | Lair:5   | Found a viscous altar of Jiyva.
 19467 | Lair:5   | Found a staircase to the Slime Pits.
 19490 | Lair:5   | Reached skill level 16 in Fighting
 20158 | Lair:5   | Found a runed translucent door.
 20212 | Lair:5   | Noticed a tentacled starspawn
 20576 | Lair:5   | Found the ring of the Mage {Wiz Archmagi}
 21400 | D:12     | Reached XP level 15. HP: 171/171 MP: 15/15
 22195 | D:13     | Found a gate to the Vaults.
 22716 | Orc:2    | Killed Saint Roka
 22908 | Orc:2    | Found Nogawuen's Antique Armour Emporium.
 22916 | Orc:2    | Found Xeotob's Antique Weapon Shoppe.
 23001 | Orc:2    | Bought a runed cloak for 172 gold pieces
 23001 | Orc:2    | Bought an embroidered scarf for 184 gold pieces
 23001 | Orc:2    | Bought an embroidered cloak for 172 gold pieces
 23025 | Orc:2    | Bought an ebony hand axe for 256 gold pieces
 23025 | Orc:2    | Identified the +3 hand axe of the Charming Gods {distort,
                  | Int+3} (You bought it in a shop on level 2 of the Orcish
                  | Mines)
 23232 | Swamp:1  | Entered Level 1 of the Swamp
 23266 | Swamp:1  | Reached skill level 17 in Fighting
 23533 | Swamp:1  | Found a glacial archway.
 23599 | Swamp:1  | HP: 4/174 [will-o-the-wisp/foxfire (11)]
 23600 | Swamp:1  | Killed from afar by a will-o-the-wisp

Illustrated notes

Levels and vault maps discovered:
D:1:      dpeg_arrival_three_smaller_balls, layout_basic
D:2:      layout_basic, hangedman_abyss_or_decor_stabs
D:3:      layout_basic, xom_teletrap_fun, shapermc_ecumenical_altar_gd
D:4:      layout_rooms, okawaru_ov_weapons_minmay, gammafunk_ghost_mausoleum,
          uniq_duvessa
D:5:      layout_basic, nicolae_overflow_crystal_walls, uniq_grinder,
          uniq_blork_the_orc, uniq_pikel
D:6:      layout_rooms, minmay_temple_entry_tees, serial_demonic,
          serial_demonic_d, serial_demonic_b, serial_demonic_b,
          serial_demonic_c, serial_park_tiny_2, uniq_jeremiah, uniq_sigmund
D:7:      layout_rooms, enter_bailey_5, kennysheep_generic_room_11, uniq_maurice
D:8:      layout_rooms, minmay_bent, uniq_joseph, uniq_amaemon, uniq_gastronok
D:9:      layout_big_octagon, lemuel_coloured_pillars_altar, minitemple,
          serial_co_window_serial, co_window_corner_a, co_window_paths_a,
          co_window_corner_a, co_window_paths_b, co_window_paths_a,
          co_window_cross_3, co_window_broadway_c, co_window_unsneaky_path_a,
          co_window_of_opportunity_c, co_window_broadway_b, glass_columns_a,
          glass_columns_a, glass_columns_b, glass_columns_a
D:10:     layout_roguey, dpeg_oklobed_lair, enter_trove_1, uniq_psyche,
          uniq_grum
D:11:     layout_loops_cross, david_orc_3, gauntlet_entry_generic
D:12:     layout_loops_corners
D:13:     lemuel_flame_loot_2, layout_basic, david_vaults_4
D:14:     layout_loops_cross, nicolae_ru_awakened_eye, chequers_jeans
Temple:   hellmonk_temple_divided_pantheon
Lair:1:   layout_roguey
Lair:2:   layout_regular_city, skrybe_swamp_entry_bodies, dummy_snake_entry,
          uniq_maggie
Lair:3:   layout_chaotic_city
Lair:4:   nzn_winding_woodlands_huge [nzn_winding_woodlands_5x15_default,
          nzn_winding_woodlands_5x15_twine,
          nzn_winding_woodlands_5x15_split_checker,
          nzn_winding_woodlands_5x15_river_crossing,
          nzn_winding_woodlands_5x15_lazy_stream,
          nzn_winding_woodlands_5x15_sawtooth,
          nzn_winding_woodlands_5x15_default, nzn_winding_woodlands_5x15_pool,
          nzn_winding_woodlands_5x15_default, nzn_winding_woodlands_5x15_eye,
          nzn_winding_woodlands_center_lodge,
          nzn_winding_woodlands_center_triple_pond,
          nzn_winding_woodlands_15x15_thick_spiral], layout_small_grid,
          uniq_rupert
Lair:5:   gammafunk_lair_ancient_temple, layout_regular_city, slime_entry_1,
          pdpol_lair_cabin_in_the_woods
Swamp:1:  nicolae_swamp_secret_spriggan_hideout, layout_basic_swamp,
          portal_ice_cave_entry_ice_simulacra, serial_swamp_ruin,
          evilmike_swamp_ruin_house_3, hangedman_swamp_ruin_wall,
          evilmike_swamp_ruin_house_2
Orc:1:    layout_diamond_mine, basic_altar, uniq_fannar
Orc:2:    grunt_orc_community_town_hall, layout_caves,
          grunt_orc_community_big_house_1, grunt_orc_community_big_house_2,
          grunt_orc_community_house_2, grunt_orc_community_house_1,
          grunt_orc_community_house_3, grunt_orc_community_house_3,
          grunt_orc_community_house_2

Skill      XL: |  1  2  3  4  5  6  7  8  9 10 11 12 13 14 15 |
---------------+----------------------------------------------+-----
Dodging        | 3 4 5 7 8 9 10 11 12 | 12.3
Fighting       | 5 6 7 8 10 11 12 14 15 16 17 | 17.1
Axes           | 4 5 6 8 9 |  9.6
Evocations     | 1 3 4 5 6 |  6.6
Maces & Flails | 2 5 6 8 10 11 | 11.6
Armour         | 3 5 6 9 10 11 | 11.3

Action                     |  1- 3 |  4- 6 |  7- 9 | 10-12 | 13-15 || total
---------------------------+-------+-------+-------+-------+-------++-------
  Melee: Hand axe          |    62 |   126 |    90 |       |       ||   278
         Headbutt          |    13 |    30 |    59 |   162 |   231 ||   495
         Punch             |       |       |     5 |    15 |     8 ||    28
         Whip              |       |       |   257 |   826 |   820 ||  1903
         Dagger            |       |       |       |    12 |       ||    12
         Broad axe         |       |       |       |       |    49 ||    49
  Throw: Dart              |       |       |     7 |     4 |       ||    11
         Throwing net      |       |       |     2 |       |       ||     2
 Invoke: Berserk           |     1 |     3 |     3 |     8 |     7 ||    22
         Trog's Hand       |       |     1 |     6 |     8 |     5 ||    20
         Brothers in Arms  |       |       |       |       |     3 ||     3
  Evoke: Wand              |       |       |       |     6 |    13 ||    19
    Use: Scroll            |       |     4 |     3 |     4 |     8 ||    19
         Potion            |       |       |     1 |     5 |     5 ||    11
   Stab: Sleeping          |     1 |       |     1 |     1 |     1 ||     4
 Armour: Animal skin       |    43 |    73 |   199 |   168 |       ||   483
         Troll leather arm |       |       |       |   236 |    44 ||   280
         Acid dragon scale |       |       |       |       |   466 ||   466
  Dodge: Dodged            |    34 |    75 |   159 |   464 |   432 ||  1164

Table legend: (Time is in decaauts)
 A = Elapsed time spent in this place.
 B = Non-inter-level travel time spent in this place.
 C = Inter-level travel time spent in this place.
 D = Time resting spent in this place.
 E = Time spent auto-exploring this place.
 F = Levels seen in this place.
 G = Mean time per level.
                   A        B        C        D        E       F      G
               +--------+--------+--------+--------+--------+-----+--------+
         Total |  23109 |  21753 |   1356 |   4918 |   9940 |  25 |  924.4 |
       Dungeon |  12546 |  11802 |    744 |   2644 |   5584 |  14 |  896.1 |
        Temple |     19 |     19 |      0 |      0 |      0 |   1 |   19.0 |
          Lair |   7229 |   6838 |    391 |   1634 |   3496 |   5 | 1445.8 |
         Swamp |    335 |    335 |      0 |     96 |     23 |   1 |  335.0 |
  Orcish Mines |   2296 |   2075 |    221 |    421 |    722 |   2 | 1148.0 |
        Bailey |    484 |    484 |      0 |    122 |     86 |   1 |  484.0 |
      Gauntlet |    196 |    196 |      0 |      0 |     29 |   1 |  196.0 |
               +--------+--------+--------+--------+--------+-----+--------+

Top non-repeatable levels by time:
  Lair:4: 2961 daAuts
     D:5: 1673 daAuts
     D:4: 1553 daAuts
   Orc:2: 1486 daAuts
  Lair:5: 1425 daAuts
     D:9: 1339 daAuts
  Lair:2: 1200 daAuts
    D:10: 1109 daAuts
     D:6: 997 daAuts
  Lair:3: 969 daAuts
    D:12: 957 daAuts
     D:7: 947 daAuts
    D:11: 877 daAuts
     D:3: 840 daAuts
   Orc:1: 809 daAuts
